 Dungeon Crawl Stone Soup version 0.22-a0-42-g002c468 (webtiles) character file.

966 tilp the Destroyer (level 7, -9/56 HPs)
             Began as a White Draconian Conjurer on Jan 5, 2018.
             Was an Initiate of Vehumet.
             Killed by divine providence
             ... invoked by an orc priest
              (12 damage)
             ... on level 6 of the Dungeon.
             The game lasted 00:11:26 (5257 turns).

tilp the Destroyer (White Draconian Conjurer)       Turns: 5257, Time: 00:11:27

Health: -9/56      AC:  7    Str: 10    XL:     7   Next: 93%
Magic:  2/11       EV: 13    Int: 18    God:    Vehumet [......]
Gold:   308        SH:  0    Dex: 11    Spells: 5/12 levels left

rFire    . . .     SeeInvis .   a - +1 short sword (elec)
rCold    + . .     Gourm    .   (no shield)
rNeg     . . .     Faith    .   (armour unavailable)
rPois    .         Spirit   .   (helmet restricted)
rElec    .         Reflect  .   B - +0 cloak
rCorr    .         Harm     .   (no gloves)
MR       .....                  (no boots)
Stlth    ++........             (no amulet)
HPRegen  0.18/turn              (no ring)
MPRegen  0.12/turn              (no ring)

@: hasted, very quick
A: breathe frost, unfitting armour, cold resistance 1, cold-blooded, AC +6
a: Breathe Frost, Renounce Religion


You were on level 6 of the Dungeon.
You worshipped Vehumet.
Vehumet was noncommittal.
You were not hungry.

You visited 2 branches of the dungeon, and saw 7 of its levels.

You collected 308 gold pieces.

Inventory:

Hand Weapons
 a - a +1 short sword of electrocution (weapon)
 n - a +0 hunting sling
 q - a +0 dagger of flaming
Missiles
 c - 46 sling bullets
 k - 177 stones (quivered)
Armour
 B - a +0 cloak (worn)
Magical Staves
 F - an uncursed staff of fire {unknown}
Jewellery
 i - a cursed -3 ring of intelligence {unknown}
 j - a +3 ring of protection {unknown}
 r - an uncursed ring of protection from cold {unknown}
 A - an uncursed amulet of faith {unknown}
Wands
 z - a wand of scattershot (6)
 D - a wand of polymorph (12)
Scrolls
 f - 5 scrolls of remove curse {unknown}
 h - 3 scrolls of identify {unknown}
 t - 2 scrolls of teleportation {unknown}
 u - 2 scrolls of enchant weapon {unknown}
 w - a scroll of blinking {unknown}
 x - 3 scrolls of enchant armour {unknown}
 y - a scroll of fog {unknown}
Potions
 d - a potion of haste
 e - 4 potions of curing {unknown}
 g - 2 potions of brilliance {unknown}
 l - 3 potions of heal wounds {unknown}
 o - 3 potions of degeneration {unknown}
 p - 5 potions of mutation {unknown}
 s - 2 potions of agility {unknown}
 v - 4 potions of flight {unknown}
 C - a potion of ambrosia {unknown}
 E - a potion of lignification {unknown}
Books
 m - a book of Conjurations

   Spells                             Type                      Level
   a - Magic Dart                     Conjuration                  1
   b - Searing Ray                    Conjuration                  2
   c - Dazzling Spray                 Conjuration/Hexes            3
   d - Fulminant Prism                Conjuration/Hexes            4
   e - Force Lance                    Conjuration/Translocation    4
   f - Iskenderun's Mystic Blast      Conjuration                  4
Comestibles
 b - 8 rations


   Skills:
 + Level 2.9 Fighting
 + Level 3.2 Dodging
 + Level 3.3 Stealth
 + Level 3.3 Spellcasting
 - Level 8.0 Conjurations


You had 5 spell levels left.
You knew the following spells:

 Your Spells              Type           Power        Failure   Level  Hunger
a - Magic Dart            Conj           ####         1%          1    None
b - Searing Ray           Conj           ####..       1%          2    ##.....
c - Iskenderun's Mystic   Conj           ####....     6%          4    ####...


Dungeon Overview and Level Annotations

Branches:
Dungeon (6/15)             Temple (1/1) D:5

Altars:
Ashenzari
Cheibriados
Dithmenos
Elyvilon
Fedhas
Hepliaklqana
Kikubaaqudgha
Makhleb
Nemelex Xobeh
Qazlal
Ru
Trog
Vehumet
Xom
Yredelemnul
Zin
The Shining One

Shops:
D:6 }


Innate Abilities, Weirdness & Mutations

You can breathe waves of freezing cold.
You can buffet flying creatures when you breathe cold.
Your icy white scales are hard. (AC +6)
You cannot fit into any form of body armour.
Your flesh is cold resistant. (rC+)
You are cold-blooded and may be slowed by cold attacks.


Message History

The orc priest calls down the wrath of Beogh upon you.
Pain shoots through your body!
* * * LOW HITPOINT WARNING * * *
The orc priest looks encouraged for a moment.
A troll comes into view.
You feel yourself speed up. The ice beast closely misses you.
You have got your breath back.
The troll shouts!
The orc priest calls down the wrath of Beogh upon you.
Beogh smites you!
* * * LOW HITPOINT WARNING * * *
Aiming: Scattershot
Press: ? - help, Shift-Dir - straight line, f/p - orc priest
Aim: an orc priest, wielding a hand axe and wearing a chain mail (almost dead)
The burst of metal fragments hits the orc priest. x2
The orc priest is almost dead.
All of the chunks of flesh in your inventory have rotted away.
The orc priest calls down the wrath of Beogh upon you.
Beogh smites you!
You die...

#............####...#####
#............# #...##
##...........## #.....
#............# ##......
##............####..##....
##...................#
##..
.......###..........##
.)....#####.........#
...........o....@..##
...........oY.T....# ..
..###..............## ...
### ##..........##..##
.... ##.......>###...##
#.... ##......## ##...##
#..... ##....##
##...###.....# #...##
##...#.....# ##.##
#.........#


You could see a troll, an ice beast, an orc priest and an orc.

Vanquished Creatures
  An orc warrior (D:6)
  A sky beast (D:5)
  An ogre (D:5)
  2 centaurs
  A scorpion (D:5)
  A crimson imp (D:5)
  A bullfrog zombie (D:5)
  A jelly (D:5)
  2 hounds
  Jessica (D:2)
  Natasha (thrice) (D:2)
  2 worker ants (D:4)
  Terence (D:3)
  The ghost of tidbits the Grave Robber, a weakling GnNe (D:3)
  3 adders
  2 shadow imps (D:5)
  6 oozes
  An adder skeleton (D:5)
  3 worms
  A leopard gecko (D:3)
  2 orcs (D:6)
  3 ball pythons
  2 giant cockroaches
  15 goblins
  4 hobgoblins
  6 jackals
  2 quokkas
  6 bats
  7 frilled lizards
  11 kobolds
  A leopard gecko skeleton (D:5)
  4 rats
98 creatures vanquished.

Vanquished Creatures (others)
  A wizard (D:5)
1 creature vanquished.

Grand Total: 99 creatures vanquished

Notes
Turn   | Place    | Note
-------+----------+-------------------------------------------
     0 | D:1      | tilp the Draconian Conjurer began the quest for the Orb.
     0 | D:1      | Reached XP level 1. HP: 14/14 MP: 3/3
   154 | D:1      | Reached XP level 2. HP: 20/20 MP: 1/5
   158 | D:1      | Learned a level 2 spell: Searing Ray
   631 | D:1      | Found a glowing golden altar of the Shining One.
   766 | D:2      | Noticed Jessica
   769 | D:2      | Reached skill level 5 in Conjurations
   774 | D:2      | Killed Jessica
   774 | D:2      | Reached XP level 3. HP: 25/26 MP: 0/6
   903 | D:2      | Found a shimmering altar of Xom.
   911 | D:2      | Reached XP level 4. HP: 33/33 MP: 4/7
   955 | D:2      | Learned a level 4 spell: Iskenderun's Mystic Blast
  1010 | D:2      | Noticed Natasha
  1019 | D:2      | Killed Natasha
  1019 | D:2      | Reached skill level 6 in Conjurations
  1087 | D:2      | Noticed Natasha
  1090 | D:2      | Killed Natasha
  1123 | D:2      | Noticed Natasha
  1144 | D:2      | Killed Natasha
  1144 | D:2      | Reached XP level 5. HP: 17/38 MP: 1/8
  1892 | D:3      | Noticed tidbits's ghost (weakling GnNe)
  1905 | D:3      | Killed tidbits's ghost
  2088 | D:3      | Noticed Terence
  2104 | D:3      | Killed Terence
  2218 | D:3      | Reached skill level 7 in Conjurations
  3152 | D:4      | Reached XP level 6. HP: 44/45 MP: 9/9
  3467 | D:5      | Entered Level 5 of the Dungeon
  3492 | D:5      | Noticed a sky beast
  3518 | D:5      | Killed a sky beast
  3518 | D:5      | Reached skill level 8 in Conjurations
  3878 | D:5      | Found a staircase to the Ecumenical Temple.
  3904 | Temple   | Entered the Ecumenical Temple
  3914 | Temple   | Became a worshipper of Vehumet
  3981 | D:5      | Found a shimmering altar of Xom.
  4043 | D:5      | Reached skill level 1 in Fighting
  4043 | D:5      | Your scales start taking on an icy white colour.
  4043 | D:5      | Reached XP level 7. HP: 23/52 MP: 5/10
  4043 | D:5      | Gained mutation: Your flesh is cold resistant. (rC+) [White Draconian growth]
  4336 | D:5      | Found a bloodstained altar of Trog.
  4337 | D:5      | Noticed a wizard
  4344 | D:5      | Killed a wizard
  5118 | D:6      | Found Fafig's Gadget Shoppe.
  5248 | D:6      | Noticed a troll
  5251 | D:6      | HP: 2/56 [orc priest/divine providence (9)]
  5257 | D:6      | Killed from afar by an orc priest

Vault maps used:
D:1:      mrwooster_arrival_statue, tso_metal_star
D:2:      xom_teletrap_fun, first_ration, grunt_ministairs_13, uniq_natasha,
          uniq_jessica
D:3:      uniq_terence
D:4:      minmay_misc_feat_iff, kennysheep_generic_room_4
D:5:      minmay_temple_entry_overgrown, basic_altar, trog_wizard
D:6:      serial_shops, shop, uniq_menkaure
Temple:   nicolae_temple_x_marks_the_god

Skill      XL: |  1  2  3  4  5  6  7 |
---------------+----------------------+-----
Conjurations   | 5 6 7 8 |  8.0
Dodging        | 2 3 |  3.2
Stealth        | 2 3 |  3.3
Fighting       | 1 2 |  2.9
Spellcasting   | 3 |  3.3

Action                   |  1- 3 |  4- 6 |  7- 9 || total
-------------------------+-------+-------+-------++-------
Melee: Short sword       |    28 |   123 |    18 ||   169
       Tailslap          |     3 |     5 |       ||     8
 Cast: Magic Dart        |    28 |    32 |     6 ||    66
       Searing Ray       |     2 |    18 |     8 ||    28
 Abil: Breathe Frost     |       |       |     2 ||     2
Evoke: Wand              |       |       |     2 ||     2
  Use: Potion            |       |       |     1 ||     1
 Stab: Sleeping          |     1 |     2 |     1 ||     4
  Eat: Chunk             |     1 |    11 |     1 ||    13
       Ration            |       |       |     1 ||     1
Armor: Skin              |    10 |    41 |     8 ||    59
Dodge: Dodged            |    11 |    85 |    16 ||   112

Table legend:
 A = Spawn XP
 B = Non-spawn XP
 C = Spawn XP percentage of total XP
 D = Spawn monster count
 E = Non-spawn monster count
 F = Spawn count percentage of total count
 G = Total turns spent on level
                    A         B        C        D         E        F      G
               +---------+---------+-------+---------+---------+-------+---------
         Total |       0 |    1381 |   0.0 |       0 |      98 |   0.0 |  5257
               +---------+---------+-------+---------+---------+-------+---------
           D:1 |       0 |      36 |   0.0 |       0 |      17 |   0.0 |   766
           D:2 |       0 |     191 |   0.0 |       0 |      27 |   0.0 |   887
           D:3 |       0 |      96 |   0.0 |       0 |      22 |   0.0 |  1173
           D:4 |       0 |     131 |   0.0 |       0 |      10 |   0.0 |   641
           D:5 |       0 |     659 |   0.0 |       0 |      17 |   0.0 |  1459
           D:6 |       0 |     268 |   0.0 |       0 |       5 |   0.0 |   271
               +---------+---------+-------+---------+---------+-------+---------
